 Dungeon Sprint DCSS version 0.31-a0-408-gb642c7f9a3 (webtiles) character file.

Game seed: 2306600974761105769

305 zazu2006 the Fighter (level 6, -9/60 HPs)
             Began as a Gnoll Wanderer on July 29, 2023.
             Was an Initiate of Trog.
             Mangled by a two-headed ogre
             ... wielding a +0 giant spiked club
              (11 damage)
             ... in the Dungeon (Sprint IX: "|||||||||||||||||||||||||||||").
             The game lasted 00:02:43 (286 turns).

zazu2006 the Fighter (Gnoll Wanderer)                Turns: 286, Time: 00:02:43

Health: -9/60      AC: 13    Str: 14    XL:     6   Next: 39%
Magic:  17/17      EV: 12    Int: 11    God:    Trog [......]
Gold:   0          SH:  0    Dex: 11    Spells: 21/22 levels left

rFire   . . .        m - +3 war axe (freeze)
rCold   . . .        (no shield)
rNeg    . . .        p - +1 scale mail
rPois   .            b - +0 helmet
rElec   .            n - +0 cloak
rCorr   .            (no gloves)
SInv    .            o - +0 pair of boots
Will    .....        (no amulet)
Stlth   ++           q - +2 ring of evasion
HPRegen 0.30/turn    r - +2 ring of protection
MPRegen 0.15/turn

%: no teleportation
@: invisible
A: fangs 1, strong nose, distributed training
a: Renounce Religion


You were in the Dungeon.
You worshipped Trog.
Trog was noncommittal.
You visited 1 branch

Inventory:

Hand Weapons
 a - a +0 club
 m - a +3 war axe of freezing (weapon)
Armour
 b - a +0 helmet (worn)
 d - a +0 leather armour
 n - a +0 cloak (worn)
 o - a +0 pair of boots (worn)
 p - a +1 scale mail (worn)
Jewellery
 q - a +2 ring of evasion (left hand)
 r - a +2 ring of protection (right hand)
Wands
 l - a wand of roots (6)
Scrolls
 c - a scroll of fog
 e - a scroll of teleportation
 k - 2 scrolls of blinking
Potions
 g - 3 potions of heal wounds
 h - a potion of haste
 i - 4 potions of magic
 j - 4 potions of curing


   Skills:
 + Level 9.7 Fighting
 + Level 4.5 Short Blades
 + Level 4.5 Long Blades
 + Level 4.5 Axes
 + Level 4.5 Maces & Flails
 + Level 4.5 Polearms
 + Level 4.5 Staves
 + Level 4.5 Ranged Weapons
 + Level 4.5 Throwing
 + Level 4.5 Armour
 + Level 4.5 Dodging
 + Level 6.2 Stealth
 + Level 4.5 Shields
 + Level 4.5 Unarmed Combat
 + Level 8.6 Spellcasting
 + Level 3.7 Conjurations
 + Level 3.7 Hexes
 + Level 3.7 Summonings
 + Level 3.7 Necromancy
 + Level 3.7 Translocations
 + Level 3.7 Transmutations
 + Level 3.7 Fire Magic
 + Level 3.7 Ice Magic
 + Level 3.7 Air Magic
 + Level 3.7 Earth Magic
 + Level 3.7 Poison Magic
 + Level 5.0 Invocations
 + Level 4.5 Evocations
 + Level 3.7 Shapeshifting


You had 21 spell levels left.
You knew the following spells:

 Your Spells              Type           Power      Damage    Failure   Level
a - Necrotise             Necr           52%        1d6       12%         1

Your spell library contained the following spells:

 Spells                   Type           Power      Damage    Failure   Level
 Lesser Beckoning         Tloc           26%        N/A       19%         2
 Frozen Ramparts          Ice            26%        1d4       36%         3
 Ozocubu's Armour         Ice            13%        N/A       36%         3


Dungeon Overview and Level Annotations

Branches:
Dungeon (1/1)

Altars:
Cheibriados
Dithmenos
Elyvilon
Fedhas
Gozag
Hepliaklqana
Kikubaaqudgha
Makhleb
Nemelex Xobeh
Okawaru
Qazlal
Ru
Sif Muna
Trog
Uskayaw
Vehumet
Wu Jian
Xom
Yredelemnul
Zin
The Shining One
Jiyva
Lugonu


Innate Abilities, Weirdness & Mutations

You have very sharp teeth.
Your uncanny sense of smell can sniff out nearby items.
Your experience applies equally to all skills.


Message History

The roots erupt in riotous growth!
Roots grab the two-headed ogre.
The grasping roots constrict something.
The grasping roots constrict the two-headed ogre.
Unknown command.
Aiming: Fastroot
Press: ? - help, Shift-Dir - straight line, f - yak, p - two-headed ogre
Aim: a yak The roots erupt in riotous growth!
Roots grab something.
The grasping roots constrict something.
The grasping roots constrict the two-headed ogre!
Something hits you. Something bites you.
Something draws strength from your injuries!
The two-headed ogre struggles to escape constriction.
You hit something.
The grasping roots constrict something.
The grasping roots constrict the two-headed ogre!
The roots release their grip on the two-headed ogre.
Something draws life force from you.
Unknown command.
Okay, then.
Okay, then.
You fade into invisibility!
The grasping roots constrict something.
You barely miss something. Something hits you!
Something bites you but does no damage.
You hit something. You freeze something. Your bite misses something.
* * * LOW HITPOINT WARNING * * *
You barely miss something. You slash the two-headed ogre!
You freeze the two-headed ogre.
The two-headed ogre is severely wounded.
The two-headed ogre hits you with a +0 giant spiked club.
* * * LOW HITPOINT WARNING * * *
The two-headed ogre closely misses you.
You hit the two-headed ogre. You freeze the two-headed ogre.
The two-headed ogre is severely wounded.
The two-headed ogre hits you with a +0 giant spiked club!
* * * LOW HITPOINT WARNING * * *
The two-headed ogre hits you with a +0 giant club!
You die...

∆∆∆∆ ∆ ∆
▓▓▓▓▓▓▓▓▓▓▓▓▓▓▓▓▓▓▓▓▓▓▓▓▓
________'.?)....@O{YKy...
▓▓▓▓▓▓▓▓▓▓▓▓▓▓▓▓▓▓▓▓▓▓▓▓▓


You could see a two-headed ogre (unable to see you), a yak (unable to see you),
a kobold brigand (unable to see you) and a killer bee (unable to see you).

Vanquished Creatures
  An ogre (D)
  A centaur (D)
  A phantom (D)
  A hound (D)
  A jelly (D)
  2 bats (D)
  An endoplasm (D)
  A ball python (D)
  A frilled lizard (D)
10 creatures vanquished.

Vanquished Creatures (collateral kills)
  An adder (D)
1 creature vanquished.

Grand Total: 11 creatures vanquished

Notes
Turn   | Place    | Note
-------+----------+-------------------------------------------
     0 | D        | zazu2006 the Gnoll Wanderer began the quest for the Orb.
     0 | D        | zazu2006 set off with the following items: a +0 club, a +0
                  | helmet, a scroll of fog, a +0 leather armour, a scroll of
                  | teleportation, a potion of curing, a potion of heal wounds,
                  | a potion of haste, 2 potions of magic, a potion of berserk
                  | rage, a scroll of blinking; and the following spell
                  | memorised: Necrotise; and the following spells available to
                  | memorise: Lesser Beckoning, Frozen Ramparts, Ozocubu's
                  | Armour.
     0 | D        | Reached XP level 1. HP: 26/26 MP: 8/8
    26 | D        | Reached skill level 1 in Invocations
    32 | D        | Noticed an ogre
    32 | D        | Noticed a phantom
    32 | D        | Noticed a jelly
    32 | D        | Noticed a hound
    39 | D        | Killed an ogre
    40 | D        | Reached skill level 9 in Fighting
    40 | D        | Reached skill level 5 in Stealth
    40 | D        | Reached XP level 2. HP: 34/34 MP: 7/10
    40 | D        | Reached XP level 3. HP: 39/39 MP: 8/12
    40 | D        | Reached XP level 4. HP: 46/46 MP: 8/13
    44 | D        | Killed a phantom
    45 | D        | Reached XP level 5. HP: 52/52 MP: 9/15
    55 | D        | HP: 2/52 [adder (2)]
    59 | D        | Reached XP level 6. HP: 16/59 MP: 3/17
   200 | D        | Found a snail-covered altar of Cheibriados.
   200 | D        | Found a shadowy altar of Dithmenos.
   200 | D        | Found a white marble altar of Elyvilon.
   200 | D        | Found a blossoming altar of Fedhas.
   200 | D        | Found an opulent altar of Gozag.
   201 | D        | Found a hazy altar of Hepliaklqana.
   202 | D        | Found a viscous altar of Jiyva.
   203 | D        | Found an ancient bone altar of Kikubaaqudgha.
   204 | D        | Found a corrupted altar of Lugonu.
   205 | D        | Found a burning altar of Makhleb.
   206 | D        | Found a sparkling altar of Nemelex Xobeh.
   207 | D        | Found an iron altar of Okawaru.
   208 | D        | Found a stormy altar of Qazlal.
   209 | D        | Found a sacrificial altar of Ru.
   210 | D        | Found a shimmering blue altar of Sif Muna.
   211 | D        | Found a bloodstained altar of Trog.
   212 | D        | Found a hide-covered altar of Uskayaw.
   213 | D        | Found a radiant altar of Vehumet.
   214 | D        | Found an ornate altar of the Wu Jian Council.
   215 | D        | Found a shimmering altar of Xom.
   216 | D        | Found a basalt altar of Yredelemnul.
   217 | D        | Found a glowing silver altar of Zin.
   218 | D        | Found a glowing golden altar of the Shining One.
   221 | D        | Became a worshipper of Trog the Wrathful
   272 | D        | Noticed a vampire
   272 | D        | Noticed a two-headed ogre
   272 | D        | Noticed a yak
   277 | D        | Reached skill level 5 in Invocations
   286 | D        | HP: 2/60 [two-headed ogre/+0 giant spiked club (11)]
   286 | D        | Mangled by a two-headed ogre

Illustrated notes

Levels and vault maps discovered:
D:        linesprint [early_d, line_temple, items_1, d_10, items_2, lair_1,
          lair_end, items_3, orc_1, orc_end, items_4, d_15, swamp_1, shoals_1,
          snake_1, spider_1, d_20, vaults_1, items_5, swamp_end, shoals_end,
          snake_end, spider_end, vaults_end, d_27, items_6, zot_1, zot_end,
          crypt_end, forest_end, elf_end, slime_end, tomb_end, abyss_end,
          pan_hell_end]

Skill      XL: |  1  2  3  4  5  6 |
---------------+-------------------+-----
Invocations    | 3 4 5 |  5.0
Fighting       | 9 |  9.7
Short Blades   | 2 3 4 |  4.5
Long Blades    | 2 3 4 |  4.5
Axes           | 2 3 4 |  4.5
Maces & Flails | 2 3 4 |  4.5
Polearms       | 2 3 4 |  4.5
Staves         | 2 3 4 |  4.5
Ranged Weapons | 2 3 4 |  4.5
Throwing       | 2 3 4 |  4.5
Armour         | 2 3 4 |  4.5
Dodging        | 2 3 4 |  4.5
Stealth        | 5 6 |  6.2
Shields        | 2 3 4 |  4.5
Unarmed Combat | 2 3 4 |  4.5
Conjurations   | 2 3 |  3.7
Hexes          | 2 3 |  3.7
Summonings     | 2 3 |  3.7
Necromancy     | 2 3 |  3.7
Translocations | 2 3 |  3.7
Transmutations | 2 3 |  3.7
Fire Magic     | 2 3 |  3.7
Ice Magic      | 2 3 |  3.7
Air Magic      | 2 3 |  3.7
Earth Magic    | 2 3 |  3.7
Poison Magic   | 2 3 |  3.7
Evocations     | 2 3 4 |  4.5
Shapeshifting  | 2 3 |  3.7
Spellcasting   | 8 |  8.6

Action                     |  1- 3 |  4- 6 || total
---------------------------+-------+-------++-------
  Melee: Club              |    27 |    10 ||    37
         Bite              |     2 |     5 ||     7
         War axe           |       |     8 ||     8
   Cast: Necrotise         |     1 |     8 ||     9
  Evoke: Wand              |       |     4 ||     4
    Use: Potion            |     1 |     2 ||     3
 Armour: Leather armour    |    13 |       ||    13
         Scale mail        |       |     5 ||     5
  Dodge: Dodged            |    21 |    20 ||    41

Table legend: (Time is in decaauts)
 A = Elapsed time spent in this place.
 B = Non-inter-level travel time spent in this place.
 C = Inter-level travel time spent in this place.
 D = Time resting spent in this place.
 E = Time spent auto-exploring this place.
 F = Levels seen in this place.
 G = Mean time per level.
                   A        B        C        D        E       F      G
               +--------+--------+--------+--------+--------+-----+--------+
         Total |    303 |    303 |      0 |    134 |      0 |   1 |  303.0 |
       Dungeon |    303 |    303 |      0 |    134 |      0 |   1 |  303.0 |
               +--------+--------+--------+--------+--------+-----+--------+

Top non-repeatable levels by time:
       D: 303 daAuts
